 Dungeon Crawl Stone Soup version 0.21.0-3-g78d12a8 (webtiles) character file.

80 inmateoo the Skirmisher (level 4, -1/35 HPs)
             Began as a Mummy Abyssal Knight on Jan 9, 2018.
             Was a Follower of Lugonu.
             Killed from afar by an orc wizard (9 damage)
             ... with a puff of flame
             ... on level 3 of the Dungeon.
             The game lasted 00:03:09 (1656 turns).

inmateoo the Skirmisher (Mummy Abyssal Knight)      Turns: 1656, Time: 00:03:09

Health: -1/35      AC:  4    Str: 15    XL:     4   Next: 18%
Magic:  5/5        EV: 11    Int: 11    God:    Lugonu [*.....]
Gold:   72         SH:  0    Dex: 12    Spells: 3/3 levels left

rFire    x . .     SeeInvis .   e - +3 short sword (vamp)
rCold    + . .     Gourm    .   (no shield)
rNeg     + + +     Faith    .   b - +0 leather armour
rPois    ∞         Spirit   .   (no helmet)
rElec    .         Reflect  .   (no cloak)
rCorr    .         Harm     .   (no gloves)
MR       .....                  k - +0 pair of boots {Fly}
Stlth    +.........             g - amulet of magic regeneration
HPRegen  0.11/turn              (no ring)
MPRegen  0.34/turn              (no ring)

@: no status effects
A: no food or potions, fire vulnerability, cold resistance 1, negative energy
resistance 3, torment resistance, unbreathing
a: Depart the Abyss, Renounce Religion, Evoke Flight


You were on level 3 of the Dungeon.
You worshipped Lugonu.
Lugonu was aware of your devotion.
You were not hungry.

You visited 1 branch of the dungeon, and saw 3 of its levels.
You visited the Abyss 1 time.

You collected 72 gold pieces.

Inventory:

Hand Weapons
 a - a +1 falchion
 e - a +3 vampiric short sword (weapon)
Armour
 b - a +0 leather armour (worn)
 j - a +0 scale mail
 k - a +0 pair of boots of flying (worn)
Jewellery
 g - an amulet of magic regeneration (around neck)
Scrolls
 d - 3 scrolls of remove curse
 f - 2 scrolls of teleportation
 h - a scroll of immolation
 i - a scroll of enchant weapon


   Skills:
 + Level 3.3 Fighting
 + Level 0.3(1.8) Short Blades
 * Level 3.0 Long Blades
 + Level 2.0 Armour
 + Level 1.0 Dodging
 + Level 1.6 Invocations


You had 3 spell levels left.
You didn't know any spells.

Dungeon Overview and Level Annotations

Branches:
Dungeon (3/15)

Altars:
Nemelex Xobeh


Innate Abilities, Weirdness & Mutations

You do not eat or drink.
Your flesh is vulnerable to fire.
You are immune to poison.
Your flesh is cold resistant. (rC+)
You are immune to negative energy. (rN+++)
You are immune to unholy pain and torment.
You can survive without breathing.


Message History

A puff of flame appears from out of thin air!
The puff of flame hits you! The fire burns you terribly!
* * * LOW HITPOINT WARNING * * *
You're too confused!
Unknown command.
You aren't carrying any items that you can evoke.
Unknown command.
Unknown command.
You bump into the rock wall.
Something hits you.
* * * LOW HITPOINT WARNING * * *
Unknown command.
You're too confused to move!
You feel less confused.
You hear some strange, mumbled words.
Something tries to affect you, but you resist.
Unknown command.
You hear some strange, mumbled words.
A puff of flame appears from out of thin air!
The puff of flame hits you! The fire burns you terribly!
You die...

#. #.# #. #.#
.#.#.#.###.########
....oo..........(.#
.###.#.###o######.# #.
#o#....#.# #.
#{#......#
#.###.###..###.#.#
#.#...@..........#
#.#.#.###.####.###
....#.....[......#
#.#######.###.####
.............#
..#.#######.#.########
.. ..................
#..###.#.########
##..#...#.#.........


You could see an orc priest and an orc.

Vanquished Creatures
  3 adders (D:2)
  An ooze (D:2)
  A dart slug (D:2)
  2 leopard geckos
  4 orcs
  A ball python (D:1)
  A giant cockroach (D:1)
  6 hobgoblins
  7 jackals (D:1)
  2 kobolds (D:2)
  4 bats
  2 frilled lizards (D:2)
  5 rats
39 creatures vanquished.

Notes
Turn   | Place    | Note
-------+----------+-------------------------------------------
     0 | Abyss:1  | inmateoo the Mummy Abyssal Knight began the quest for the Orb.
     0 | Abyss:1  | Reached XP level 1. HP: 18/18 MP: 2/2
    34 | Abyss:1  | Noticed a sun demon
    43 | D:1      | Escaped the Abyss
    57 | D:1      | Noticed a minotaur zombie
    90 | D:1      | Reached * piety under Lugonu
   204 | D:1      | Reached XP level 2. HP: 24/24 MP: 3/3
   685 | D:1      | Found a sparkling altar of Nemelex Xobeh.
   968 | D:2      | Reached XP level 3. HP: 21/29 MP: 4/4
  1461 | D:2      | Reached skill level 1 in Dodging
  1557 | D:2      | Reached XP level 4. HP: 30/35 MP: 5/5
  1656 | D:3      | Killed from afar by an orc wizard

Skill      XL: |  1  2  3  4 |
---------------+-------------+-----
Long Blades    | 2 3 |  3.0
Dodging        | 1 |  1.0
Armour         | 2 |  2.0
Fighting       | |  3.3
Short Blades   | |  0.3
Invocations    | |  1.6

Action                   |  1- 3 |  4- 6 || total
-------------------------+-------+-------++-------
Melee: Falchion          |    62 |       ||    62
       Short sword       |    62 |    13 ||    75
Invok: Depart the Abyss  |     1 |       ||     1
 Abil: Stop Flying       |       |     1 ||     1
  Use: Scroll            |     5 |       ||     5
Armor: Leather armour    |    37 |     6 ||    43
Dodge: Dodged            |    97 |    11 ||   108
       Rpst.: Falchion   |    16 |       ||    16
